 Dungeon Crawl Stone Soup version 0.31-a0-40-g1d5085d191 (webtiles) character file.

Game seed: 2222774849396673111

1339 pk666 the Magician (level 8, -4/41 HPs)
             Began as a Deep Elf Fire Elementalist on May 17, 2023.
             Slain by Edmund
             ... wielding a +4 dire flail of protection
              (9 damage)
             ... on level 5 of the Dungeon.
             The game lasted 00:07:59 (4539 turns).

pk666 the Magician (Deep Elf Fire Elementalist)     Turns: 4539, Time: 00:07:59

Health: -4/41      AC:  8    Str:  5    XL:     8   Next: 35%
Magic:  1/21       EV: 15    Int: 30    God:
Gold:   225        SH:  0    Dex: 15    Spells: 14/21 levels left

rFire   . . .        o - staff of air "Ileasux" {Drain rElec Int+7}
rCold   . . .        (no shield)
rNeg    . . .        a - +0 robe
rPois   .            (no helmet)
rElec   +            (no cloak)
rCorr   .            s - +0 pair of gloves
SInv    .            x - +0 pair of boots
Will    .....        (no amulet)
Stlth   ++           e - +4 ring of protection
HPRegen 0.26/turn    r - ring of flight
MPRegen 0.17/turn

%: no passive effects
@: about to teleport, flying
A: no striking features
a: no special abilities


You were on level 5 of the Dungeon.
You visited 1 branch of the dungeon, and saw 5 of its levels.

You collected 225 gold pieces.

Inventory:

Hand Weapons
 i - a +0 dagger
Armour
 a - a +0 robe (worn)
 s - a +0 pair of gloves (worn)
 x - a +0 pair of boots (worn)
Magical Staves
 o - the staff of air "Ileasux" (weapon) {Drain rElec Int+7}
   (You took it off a hobgoblin on level 3 of the Dungeon)

   [staff of air]

   Base accuracy: +5 Base damage: 5 Base attack delay: 1.2 This weapon's minimum
   attack delay (0.6) is reached at skill level 12.
   Int:       It affects your intelligence (+7).
   rElec:     It insulates you from electricity.
   Drain:     It drains your maximum health when unequipped.
   It falls into the 'Staves' category.
   It is a one-handed weapon.
Jewellery
 e - a +4 ring of protection (left hand)
 q - a ring of protection from cold
 r - a ring of flight (right hand)
Wands
 D - a wand of charming (13)
Scrolls
 c - a scroll of blinking {unknown}
 h - 2 scrolls of teleportation
 k - 2 scrolls of fog {unknown}
 n - 2 scrolls of enchant weapon {unknown}
 p - 2 scrolls of poison {unknown}
 u - 5 scrolls of identify
 v - 2 scrolls of amnesia {unknown}
 y - a scroll of magic mapping {unknown}
 A - a scroll of vulnerability {unknown}
 B - a scroll of brand weapon {unknown}
 C - a scroll of noise {unknown}
Potions
 b - 2 potions of magic
 d - 3 potions of mutation {unknown}
 f - a potion of invisibility {unknown}
 g - 2 potions of curing {unknown}
 j - a potion of berserk rage {unknown}
 l - 4 potions of degeneration {unknown}
 m - 2 potions of flight {unknown}
 t - a potion of lignification {unknown}
 w - a potion of brilliance {unknown}
 z - a potion of might {unknown}


   Skills:
 + Level 6.5 Dodging
 - Level 2.4 Stealth
 + Level 7.3 Spellcasting
 + Level 5.5 Conjurations
 + Level 6.5 Fire Magic


You had 14 spell levels left.
You knew the following spells:

 Your Spells              Type           Power      Damage    Failure   Level
a - Foxfire               Conj/Fire      100%       2x1d9     1%          1
b - Scorch                Fire           100%       2d9       1%          2
c - Flame Wave            Conj/Fire      47%        2d12      3%          4

Your spell library contained the following spells:

 Spells                   Type           Power      Damage    Failure   Level
 Shock                    Conj/Air       100%       1d9       1%          1
 Inner Flame              Hex/Fire       30%        N/A       3%          3
 Volatile Blastmotes      Fire/Tloc      60%        2d15      3%          3
 Dazzling Flash           Conj/Hex       54%        N/A       4%          3
 Frozen Ramparts          Ice            22%        1d4       14%         3
 Swiftness                Air            16%        N/A       14%         3
 Iskenderun's Mystic Bla  Conj/Tloc      27%        2d7       14%         4
 Airstrike                Air            8%         2d(2-18)  41%         4
 Ice Form                 Ice/Tmut       11%        N/A       41%         4
 Summon Ice Beast         Ice/Summ       11%        N/A       41%         4
 Starburst                Conj/Fire      23%        6d8       52%         6


Dungeon Overview and Level Annotations

Branches:
Dungeon (5/15)
 Temple: D:4-7

Altars:
Zin

Annotations:
D:2 1 runed translucent door, Crazy Yiuf
D:5 Edmund


Message History

Edmund is lightly wounded.
The foxfire hits Edmund but does no damage.
Edmund is lightly wounded.
Edmund completely misses you.
Flames lash Edmund but do no damage.
Edmund misses you.
Flames lash Edmund but do no damage.
Edmund hits you but does no damage.
Flames lash Edmund.
Edmund is moderately wounded.
Edmund's fire resistance burns away.
Edmund hits you but does no damage.
Flames lash Edmund but do no damage.
Edmund misses you.
Flames lash Edmund.
Edmund is burned terribly!
Edmund is heavily wounded.
Edmund hits you with a +4 dire flail of protection!
Flames lash Edmund.
Edmund is burned terribly!
Edmund is heavily wounded.
Edmund completely misses you.
Flames lash Edmund but do no damage.
Edmund misses you.
Flames lash Edmund but do no damage.
Edmund hits you with a +4 dire flail of protection!
You are too injured to fight recklessly!
Okay, then.
Casting: Scorch (safe; 1% risk of failure)
Confirm with . or Enter, or press ? or * to list all spells.
Flames lash Edmund.
Edmund is heavily wounded.
Edmund closely misses you.
Casting: Scorch (safe; 1% risk of failure)
Confirm with . or Enter, or press ? or * to list all spells.
You don't have enough magic to cast this spell.
As you read the scroll labelled DYETAAL QOBBE, it crumbles to dust.
It is a scroll of identify.
h - 3 scrolls of teleportation Edmund hits you with a +4 dire flail of protection!
* * * LOW HITPOINT WARNING * * *
As you read the scroll of teleportation, it crumbles to dust.
You feel strangely unstable.
Edmund hits you with a +4 dire flail of protection.
* * * LOW HITPOINT WARNING * * *
Edmund hits you with a +4 dire flail of protection!
You die...

# ########### ###########
.##.##....# #.........#
.....###..# #.........#
≈≈≈......## #.........#
.....##...#####>.>......#
..#######....##.#########
...## ####....#########
....# ###...@.......#
..#.# #......@......#
###.#######.#...........#
###.........##..........#
........................#
####.......###..........#
##......# #..........#
#......# #..........#
#......# #..........#


You could see Edmund (combustible).

Vanquished Creatures
  Pikel (D:3)
  Sigmund (D:5)
  An ogre (D:4)
  A lemure (D:4)
  A phantom (D:5)
  2 scorpions (D:5)
  2 hounds
  2 orc priests
  A jelly (D:4)
  3 iguanas
  An orc wizard (D:4)
  7 gnolls
  4 adders (D:3)
  An ufetubus (D:4)
  A worm (D:2)
  2 dart slugs
  9 orcs
  8 ball pythons
  7 endoplasms
  5 giant cockroaches
  9 goblins
  8 hobgoblins
  6 jackals
  10 kobolds
  6 quokkas
  7 bats
  5 frilled lizards
  7 rats
118 creatures vanquished.

Vanquished Creatures (others)
  347 foxfires
347 creatures vanquished.

Grand Total: 465 creatures vanquished

Notes
Turn   | Place    | Note
-------+----------+-------------------------------------------
     0 | D:1      | pk666 the Deep Elf Fire Elementalist began the quest for
                  | the Orb.
     0 | D:1      | Reached XP level 1. HP: 10/10 MP: 6/6
   243 | D:1      | Reached XP level 2. HP: 15/15 MP: 6/8
   246 | D:1      | Learned a level 2 spell: Scorch
   907 | D:1      | Reached XP level 3. HP: 19/19 MP: 7/10
  1674 | D:2      | Found a runed translucent door.
  1675 | D:2      | Noticed Crazy Yiuf
  1778 | D:2      | Found a faded altar of an unknown god.
  2240 | D:3      | Reached skill level 4 in Spellcasting
  2240 | D:3      | Reached XP level 4. HP: 24/24 MP: 8/12
  2270 | D:3      | Learned a level 4 spell: Flame Wave
  2499 | D:3      | Identified the staff of air "Ileasux" {Drain rElec Int+7}
  2650 | D:3      | Reached XP level 5. HP: 28/28 MP: 8/13
  3195 | D:4      | Reached skill level 5 in Spellcasting
  3195 | D:4      | Reached XP level 6. HP: 32/32 MP: 7/15
  3303 | D:4      | Reached skill level 5 in Fire Magic
  3344 | D:4      | Noticed Pikel
  3463 | D:3      | Killed Pikel
  3464 | D:3      | Reached skill level 5 in Dodging
  3464 | D:3      | Reached skill level 6 in Spellcasting
  3464 | D:3      | Reached XP level 7. HP: 11/36 MP: 0/18
  3990 | D:5      | Entered Level 5 of the Dungeon
  4020 | D:5      | Reached skill level 5 in Conjurations
  4020 | D:5      | Reached XP level 8. HP: 36/41 MP: 12/20
  4150 | D:5      | Noticed Sigmund
  4168 | D:5      | Killed Sigmund
  4169 | D:5      | Reached skill level 7 in Spellcasting
  4393 | D:5      | Found a glowing silver altar of Zin.
  4516 | D:5      | Noticed Edmund
  4539 | D:5      | Slain by Edmund

Illustrated notes

Levels and vault maps discovered:
D:1:      eino_arrival_tree_alley, layout_basic, minivault_27
D:2:      layout_rooms, chequers_ecumenical_altar_simple_redux, serial_rivers,
          chequers_serial_rivers_micro_e, chequers_serial_rivers_room_b,
          chequers_serial_rivers_large_b, chequers_serial_rivers_large_a,
          chequers_serial_rivers_micro_b, uniq_crazy_yiuf_cottage
D:3:      layout_rooms, st_stairs_4, minmay_checkerbox
D:4:      layout_rooms, corexii_checkpoint_b, uniq_pikel
D:5:      layout_rooms, mainiacjoe_overflow_boulevard, lemuel_temple_firewalk_b,
          uniq_menkaure, uniq_sigmund, uniq_eustachio, uniq_edmund

Skill      XL: |  1  2  3  4  5  6  7  8 |
---------------+-------------------------+-----
Dodging        | 3 4 5 6 |  6.5
Conjurations   | 2 3 4 5 |  5.5
Spellcasting   | 4 5 6 7 |  7.3
Fire Magic     | 4 5 6 |  6.5
Stealth        | |  2.4

Action                     |  1- 3 |  4- 6 |  7- 9 || total
---------------------------+-------+-------+-------++-------
  Melee: Dagger            |       |     3 |       ||     3
         Staff             |       |     1 |       ||     1
   Cast: Foxfire           |    84 |    67 |    55 ||   206
         Scorch            |     8 |    21 |    12 ||    41
    Use: Scroll            |       |       |     2 ||     2
 Armour: Robe              |       |     7 |     3 ||    10
  Dodge: Dodged            |     9 |    27 |    17 ||    53

Table legend: (Time is in decaauts)
 A = Elapsed time spent in this place.
 B = Non-inter-level travel time spent in this place.
 C = Inter-level travel time spent in this place.
 D = Time resting spent in this place.
 E = Time spent auto-exploring this place.
 F = Levels seen in this place.
 G = Mean time per level.
                   A        B        C        D        E       F      G
               +--------+--------+--------+--------+--------+-----+--------+
         Total |   4595 |   4460 |    135 |    580 |   3137 |   5 |  919.0 |
       Dungeon |   4595 |   4460 |    135 |    580 |   3137 |   5 |  919.0 |
               +--------+--------+--------+--------+--------+-----+--------+

Top non-repeatable levels by time:
     D:1: 1265 daAuts
     D:3: 1006 daAuts
     D:2: 991 daAuts
     D:4: 783 daAuts
     D:5: 548 daAuts
